AoeStats
← Vortex10000

Black Forest

504369168Analyzed
4v4 RM · 28d ago on Sep 5, 2026· 39m 28s· 8 players
Game mode
Random Map
Map size
Large (8 player)
Population
200
Speed
Normal
Resources
Standard
Victory
Conquest
Starting age
Dark Age
Ending age
Imperial Age
RankedLock teamsTeams togetherTeam positionsShared explorationLock speedFull tech treeHidden civsTurbo modeCheats
Victory
Defeat
🇲🇽 Hindustanis · Mexico
1044
+10
🇦🇷 Gurjaras · Argentina
1036
+10
🇦🇷 Khmer · Argentina
1000
+12
🇹🇼 Britons · Taiwan
982
+12
🇺🇸 Britons · United States
949
-12
🇺🇸 Georgians · United States
914
-11
🇺🇸 Persians · United States
893
-11
🇺🇸 Ethiopians · United States
868
-10
gina2620
10:34 Feudal Age
11:33 Loom
15:19 Castle Age
13:45 Double-Bit Axe
14:09 Horse Collar
22:37 Heavy Plow
22:51 Bow Saw
24:37 Ballistics
24:59 Gold Mining
25:01 Stone Mining
27:21 Padded Archer Armor
27:11 Fletching
30:05 Imperial Age
27:16 Crossbowman
28:16 Careening
28:30 Town Watch
29:20 Wheelbarrow
28:30 Loom
29:12 Town Patrol
29:57 Leather Archer Armor
29:37 Bodkin Arrow
31:16 Hand Cart
32:20 Chemistry
31:16 Murder Holes
31:31 Masonry
31:20 Bodkin Arrow
31:55 Ring Archer Armor
33:00 Conscription
34:04 Forging
33:54 Bracer
34:30 Architecture
33:40 Treadmill Crane
35:34 Yeomen
35:15 Warwolf
34:43 Arbalester
37:06 Squires
36:26 Pikeman
37:21 Forging
37:11 Scale Mail Armor
38:31 Halberdier
carlosolares
4:04 Loom
9:34 Feudal Age
10:09 Double-Bit Axe
10:20 Horse Collar
18:24 Castle Age
16:45 Stone Mining
19:29 Bow Saw
19:20 Heavy Plow
29:40 Imperial Age
28:12 Gold Mining
29:24 Wheelbarrow
29:06 Fortified Wall
29:16 Forging
29:07 Scale Mail Armor
29:56 Masonry
30:08 Scale Barding Armor
31:37 Chemistry
31:43 Two-Man Saw
30:37 Town Watch
30:34 Heavy Camel Rider
31:53 Hand Cart
32:40 Chain Barding Armor
32:37 Chain Mail Armor
33:02 Gold Shaft Mining
32:51 Imperial Camel Rider
33:39 Husbandry
33:57 Caravan
35:20 Plate Barding Armor
35:23 Iron Casting
35:05 Bloodlines
36:31 Conscription
36:02 Light Cavalry
36:34 Onager
37:29 Hussar
Admar
0:29 Loom
13:13 Feudal Age
18:37 Castle Age
17:00 Double-Bit Axe
19:41 Bow Saw
25:33 Wheelbarrow
24:48 Town Watch
36:57 Imperial Age
36:57 Horse Collar
37:37 Hand Cart
37:25 Town Patrol
37:48 Bloodlines
37:39 Husbandry
38:08 Conscription
Lizard
0:29 Loom
18:43 Feudal Age
24:32 Castle Age
22:27 Double-Bit Axe
24:13 Gold Mining
24:16 Stone Mining
25:09 Horse Collar
26:01 Bow Saw
32:14 Wheelbarrow
33:21 Heavy Plow
37:05 Hand Cart
39:37 Imperial Age
38:44 Scale Barding Armor
38:31 Fletching
39:13 Thumb Ring
39:50 Padded Archer Armor
40:12 Chain Barding Armor
Vortex10000
1:08 Loom
12:00 Feudal Age
13:50 Horse Collar
13:58 Double-Bit Axe
14:54 Wheelbarrow
21:21 Gold Mining
21:56 Stone Mining
25:26 Man-at-Arms
27:41 Scale Mail Armor
35:35 Castle Age
40:15 Castle Age
Iceman7
0:28 Loom
12:50 Feudal Age
13:21 Double-Bit Axe
14:50 Horse Collar
18:56 Gold Mining
22:07 Castle Age
20:10 Stone Mining
20:35 Forging
20:26 Scale Mail Armor
20:32 Scale Barding Armor
20:18 Fletching
20:28 Padded Archer Armor
21:54 Fishing Lines
23:46 Gold Shaft Mining
23:24 Bow Saw
24:27 Stone Shaft Mining
27:39 Bodkin Arrow
28:23 Heavy Plow
28:53 Gillnets
34:14 Imperial Age
33:37 Iron Casting
33:23 Chain Barding Armor
34:24 Wheelbarrow
35:54 Blast Furnace
35:35 Citadels
35:56 Bloodlines
35:47 Husbandry
36:49 Chemistry
36:09 Ballistics
35:59 Murder Holes
36:56 Crop Rotation
38:02 Masonry
39:14 Plate Barding Armor
38:58 Elite War Elephant
江培騰
0:42 Loom
15:53 Feudal Age
16:33 Double-Bit Axe
16:31 Horse Collar
19:24 Wheelbarrow
18:35 Town Watch
21:36 Gold Mining
24:48 Castle Age
24:09 Stone Mining
26:40 Bow Saw
26:35 Heavy Plow
27:13 Gold Shaft Mining
27:05 Hand Cart
34:31 Imperial Age
32:18 Fortified Wall
32:29 Ballistics
34:49 Town Patrol
35:30 Stone Shaft Mining
37:13 Chemistry
37:24 Two-Man Saw
38:06 Siege Engineers
pdj42
0:27 Loom
28:12 Feudal Age
28:49 Double-Bit Axe
29:16 Horse Collar
31:16 Wheelbarrow
30:26 Town Watch
31:15 Fletching
34:11 Castle Age
33:27 Gold Mining
33:30 Stone Mining
35:05 Bodkin Arrow
35:20 Forging
35:17 Heavy Plow
35:31 Bow Saw
35:25 Caravan
36:51 Hand Cart
36:37 Town Patrol
37:57 Padded Archer Armor
Connection lost

Rejoining the realm…

Still unreachable

The connection could not be restored.

Session expired

The server has moved on; the page needs a fresh start.